Tolliver Groat, neutral female gnomish Tourist -------- ---- |......-----..| |%@i%.%^^^^^..| |.`f.`.------^| |/.`.`.|(...|^| |--`.---.`..|^| |..`.`.`..`.|^| |......|`.`.|^| ----...|....|<| ------------ Tolliver Groat the Excursionist Experience level: 6 Strength: 12 Dexterity: 9 Constitution: 13 Intelligence: 13 Wisdom: 9 Charisma: 16 Health: 0(47) Energy: 24(24) Def: 1 Gold: 1971 Moves: 3976 Dungeon seed: CkrNba5lwWa1x3bO Game ID: Tolliver Groat_1529568528 Your Inventory: Coins $ - 1971 gold pieces Weapons a - an uncursed +2 aklys (weapon in hand) p - 36 uncursed +2 darts (in quiver) N - a blessed +0 elven dagger Armor m - an uncursed +0 Hawaiian shirt q - a blessed +2 small shield (being worn) y - a cursed +0 pair of low boots Comestibles c - 3 uncursed food rations f - an uncursed clove of garlic G - an uncursed tripe ration O - 2 uncursed sprigs of wolfsbane Scrolls j - 4 uncursed scrolls of magic mapping k - a blessed scroll of magic mapping u - an uncursed scroll of create monster v - 3 uncursed scrolls of blank paper B - an uncursed scroll of enchant weapon C - a cursed scroll of fire E - an uncursed scroll of light H - a cursed scroll of teleportation Potions i - 2 uncursed potions of extra healing A - an uncursed potion of fruit juice F - 2 cursed potions of healing J - an uncursed potion of levitation V - an uncursed potion of invisibility W - an uncursed potion of water X - 3 uncursed potions of hallucination Rings t - an uncursed ring of slow digestion z - an uncursed ring of regeneration Wands n - an uncursed wand of secret door detection (0:13) Tools e - an uncursed credit card l - an uncursed expensive camera (0:43) r - a blessed oil lamp (0:1031) x - an uncursed towel Spells and supernatural/magical abilities: Name Level Category Fail Memory r - remove curse 3 clerical 100% 81% z - sleep 2 enchantment 92% 82% B - cure blindness 2 healing 94% 83% W - pray for help -- divine ? -- Your skills at the end: Miscellaneous Skills wands [Basic] stealth [Basic] Weapon Skills club [Basic] dart [Basic] Spellcasting Skills Final Attributes: You were devoutly aligned. You had infravision. You were very stealthy. You are dead. Vanquished creatures: a small mimic a baby crocodile a rock piercer a pony a fog cloud a shrieker a gray ooze an elf zombie a straw golem a paper golem 4 giant ants an iguana a rothe a rabid rat 3 jitterbugs 2 coyotes a hobbit 4 geckos 2 hobgoblins 3 giant rats 4 yellow molds a green mold 2 red molds 3 manes 7 jackals a kobold 5 newts 2 goblins 4 sewer rats 3 lichens 64 creatures vanquished. Voluntary challenges: You did not cause conflict. You were not invisible. You did not have reflection. You were not displaced. You had been an atheist until turn 2668. You used a wielded weapon 85 times, starting on turn 1. You did not apply a unicorn horn. You did not use plumbed fixtures. You did not drink any magical draughts. You read items or engraved 14 times, starting on turn 35. You never genocided any monsters. You never polymorphed an object. You never changed form. You used no wishes. You never split a pudding. You never wrote Elbereth's name. You violated your moral code, losing 1 point of alignment, starting on turn 2785. Dungeon overview: The Dungeons of Doom: levels 1 to 8 Level 1 a fountain a long staircase Level 2 a general store, a fountain, a sink a long staircase Level 3 a fountain Level 4 some fountains Level 5 a general store, an altar to Offler, some fountains Level 6 Level 7 many fountains Level 8 a fountain stairs to Sokoban Sokoban: Level 7 <- You were here a magic chest stairs to The Dungeons of Doom History has recorded: On T:1 you entered the Dungeons of Doom to retrieve the Amulet of Yendor! On T:287 you reached level 2 of The Dungeons of Doom. On T:541 you advanced to experience level 2. On T:1582 you reached level 3 of The Dungeons of Doom. On T:1722 you advanced to experience level 3. On T:2123 you reached level 4 of The Dungeons of Doom. On T:2183 you advanced to experience level 4. On T:2504 you reached level 5 of The Dungeons of Doom. On T:3123 you reached level 6 of The Dungeons of Doom. On T:3128 you advanced to experience level 5. On T:3203 you prayed to The Lady. On T:3477 you reached level 7 of The Dungeons of Doom. On T:3825 you reached level 8 of The Dungeons of Doom. On T:3847 you advanced to experience level 6. On T:3973 you reached level 4 of Sokoban. Score breakdown: Gold: 1367 ( 136 points) Experience: 6 levels ( 500 points) Exploration: 8 levels ( 210 points) Discoveries: 23 items ( 1150 points) Variety of kills: 30 monsters ( 1500 points) Major goal: (nothing yet) ( 0 points) Survival: died (score multiplied by 3) Total score: 10488 Latest messages: $ - 151 gold pieces. Three-Room Monte The homunculus drinks a pink potion! The homunculus seems more experienced. The jaguar claws you! (2x) The jaguar bites! You hit the jaguar. The homunculus bites! The jaguar claws you! (2x) The jaguar bites! You hit the jaguar. The homunculus bites! The jaguar claws you! (2x) The jaguar bites! You can't go down here. You hit the jaguar. The homunculus bites! The jaguar claws you! (2x) The jaguar bites! The jaguar claws you! (2x) The jaguar bites! You die... Final status: Aloha Tolliver Groat the Tourist, killed by a jaguar... You died in Sokoban on dungeon level 7 with 10488 points, and 1971 pieces of gold, after 3976 moves. You were level 6 with a maximum of 47 hit points when you died.